 Dungeon Crawl Stone Soup version 0.31-a0-198-g2ad674f65e (webtiles) character file.

Game seed: 9595823612321716977

22734 Pooter the Severer (level 12, 0/168 HPs)
             Began as a Minotaur Berserker on June 25, 2023.
             Was an Elder of Trog.
             Slain by a skyshark (2 damage)
             ... on level 3 of the Lair of Beasts on June 26, 2023.
             The game lasted 00:57:16 (11317 turns).

Pooter the Severer (Minotaur Berserker)            Turns: 11317, Time: 00:57:16

Health: 0/168      AC: 19    Str: 31    XL:     12   Next: 65%
Magic:  11/11      EV:  8    Int:  4    God:    Trog [****..]
Gold:   485        SH:  0    Dex: 12    Spells: 11/11 levels left

rFire   . . .        a - +0 war axe (elec)
rCold   . . .        (no shield)
rNeg    . . .        E - +2 plate armour
rPois   .            (helmet restricted)
rElec   .            Y - scarf {repulsion}
rCorr   .            (no gloves)
SInv    .            i - +0 pair of boots
Will    .....        x - amulet of regeneration Stlth
                     T - +6 ring of strength
HPRegen 1.28/turn    K - +4 ring of protection
MPRegen 0.12/turn

%: repel missiles
@: berserking, very quick
A: horns 2, retaliatory headbutt
a: Renounce Religion, Berserk, Trog's Hand, Brothers in Arms


You were on level 3 of the Lair of Beasts.
You worshipped Trog.
Trog was greatly pleased with you.
You visited 2 branches of the dungeon, and saw 13 of its levels.
You also visited: Ossuary.

You collected 600 gold pieces.
You spent 115 gold pieces at shops.

Inventory:

Hand Weapons
 a - a +0 war axe of electrocution (weapon)
   (You took it off an orc warrior on level 7 of the Dungeon)
 b - the +6 shortbow "Zesoum" {heavy, rN+++ Int+4 Stlth-}
   (You acquired it on level 7 of the Dungeon)

   Int:       It affects your intelligence (+4).
   rN:        It renders you almost immune to negative energy.
   Stlth:     It makes you less stealthy.
 g - a +2 whip of draining
   (You took it off a kobold on level 5 of the Dungeon)
 n - a +0 hand axe
 w - a +0 sling
   (You took it off a goblin on level 2 of the Dungeon)
 L - a +2 mace of protection
   (You took it off Terence on level 2 of the Dungeon)
 U - the +6 shillelagh "Devastator" {shatter}
   (You found it on level 10 of the Dungeon)
Missiles
 e - 5 boomerangs
 k - 29 poisoned darts (quivered)
 A - 2 silver javelins
 F - 2 curare-tipped darts
 Q - 152 stones
 S - 6 datura-tipped darts
 W - 2 atropa-tipped darts
Armour
 i - a +0 pair of boots (worn)
   (You found it on level 2 of the Lair of Beasts)
 y - a +0 buckler
   (You took it off a gnoll sergeant on level 5 of the Dungeon)
 E - a +2 plate armour (worn)
   (You found it on level 6 of the Dungeon)
 Y - a scarf of repulsion (worn)
   (You found it on level 9 of the Dungeon)
Jewellery
 h - a ring of flight
   (You found it on level 2 of the Dungeon)
 u - a +6 ring of intelligence
   (You found it on level 6 of the Dungeon)
 x - an amulet of regeneration (around neck)
   (You found it on level 5 of the Dungeon)
 C - a ring of resist corrosion
   (You took it off a kobold brigand on level 5 of the Dungeon)
 I - a ring of protection from cold
   (You found it on level 3 of the Dungeon)
 K - a +4 ring of protection (right hand)
   (You found it in an ossuary)
 R - a ring of willpower
   (You bought it in a shop on level 3 of the Dungeon)
 T - a +6 ring of strength (left hand)
   (You found it on level 8 of the Dungeon)
 X - an amulet of reflection
   (You found it on level 2 of the Lair of Beasts)
Wands
 f - a wand of flame (33)
   (You found it on level 7 of the Dungeon)
 m - a wand of light (2)
   (You found it on level 1 of the Lair of Beasts)
 D - a wand of digging (10)
   (You found it on level 3 of the Dungeon)
 H - a wand of polymorph (5)
   (You found it on level 7 of the Dungeon)
 V - a wand of charming (12)
   (You found it on level 10 of the Dungeon)
Scrolls
 d - a scroll of blinking {unknown}
 j - 2 scrolls of immolation {!r}
 l - a scroll of noise {unknown}
 o - 2 scrolls of silence
 r - 2 scrolls of revelation
 s - 3 scrolls of vulnerability {!r}
 t - a scroll of teleportation {@r4}
 z - 2 scrolls of fear
 J - 2 scrolls of poison {!r}
 N - a scroll of fog {unknown}
Potions
 c - 2 potions of attraction {!q}
 p - 8 potions of curing {@q1}
 q - a potion of haste {unknown}
 v - 2 potions of mutation {!q}
 B - 2 potions of enlightenment {unknown}
 G - 4 potions of resistance
 M - a potion of cancellation {unknown}
 O - 2 potions of ambrosia
 P - a potion of invisibility {unknown}


   Skills:
 + Level 11.9 Fighting
 - Level 16.0 Axes
 - Level 14.0 Ranged Weapons
 + Level 0.6 Throwing
 + Level 4.5 Armour
 + Level 2.4 Dodging
 + Level 2.3 Stealth
 + Level 2.5 Evocations


You had 11 spell levels left.
You didn't know any spells.
Your spell library was empty.

Dungeon Overview and Level Annotations

Branches:
Dungeon (10/15)            Temple (0/1) D:7            Lair (3/5) D:9
  Swamp (0/4) Lair:2       Spider (0/4) Lair:2          Orc (0/2) D:9
Ossuary (visited)

Altars:
Ashenzari
Gozag
Hepliaklqana
Nemelex Xobeh
Xom
Yredelemnul
Zin
The Shining One

Shops:
D:3 *=   D:4 (


Innate Abilities, Weirdness & Mutations

You have a pair of horns on your head.
You reflexively headbutt those who attack you in melee.


Message History

The komodo dragon bites you!
You closely miss the hell rat.
You hit the komodo dragon but do no damage.
A hell rat comes into view.
The komodo dragon bites you!
The hell rat roars deafeningly!
A skyshark comes into view.
You hit the komodo dragon. Your headbutt misses the komodo dragon.
You hit the skyshark but do no damage.
You hit the komodo dragon but do no damage.
You hit the skyshark but do no damage. The komodo dragon bites you!!
The skyshark bites you but does no damage.
The skyshark tail-slaps you.
The skyshark tail-slaps you but does no damage.
A red film seems to cover your vision as you go berserk!
You feel yourself moving faster!
You feel mighty! The komodo dragon bites you!!
* * * LOW HITPOINT WARNING * * *
The skyshark bites you.
* * * LOW HITPOINT WARNING * * *
The skyshark tastes blood and grows stronger!
The skyshark completely misses you.
The skyshark tail-slaps you but does no damage.
You hit the skyshark. You hit the komodo dragon. You slice the skyshark!!
You barely miss the komodo dragon.
You hear a deafening roar!
The komodo dragon bites you!!
* * * LOW HITPOINT WARNING * * *
The skyshark bites you!
* * * LOW HITPOINT WARNING * * *
The skyshark enters a blood-rage!
The skyshark closely misses you.
The skyshark tail-slaps you but does no damage.
You slice the skyshark!! You completely miss the komodo dragon.
A hell rat comes into view.
The skyshark bites you!
* * * LOW HITPOINT WARNING * * *
The skyshark tail-slaps you but does no damage. x2
You slash the skyshark! You slash the komodo dragon!
Lightning courses through the komodo dragon!
The komodo dragon bites you!
* * * LOW HITPOINT WARNING * * *
You barely miss the skyshark. You headbutt the skyshark!!
You hit the komodo dragon but do no damage.
Lightning courses through the komodo dragon!!
You kill the komodo dragon!
Trog accepts your kill. The skyshark bites you!!
* * * LOW HITPOINT WARNING * * *
The skyshark tail-slaps you but does no damage.
The skyshark tail-slaps you.
You die...

#8.<.8####.......
#......###.......
##...####........
#.#+.####.##..#..
##.......#.....##.
#.#.....#....##.#.
#.#...#...........
+.#.8...+...8.....
#@#...#.#.......†.
#.rrl†..........#.#†..
.....###.....##.......#.
.### #.#+.#..##.[..#..
.. ##.......... ...
#.......... 8.<
.......... ....
.......## ......# #


You could see a skyshark (berserk) and 2 hell rats.

Vanquished Creatures
  2 hydras
  2 two-headed ogres (D:10)
  6 death yaks
  A boulder beetle (D:10)
  An orb spider (Lair:2)
  An oklob plant (Lair:1)
  2 black mambas
  A gargoyle (D:10)
  An orange demon (D:9)
  2 cane toads
  6 komodo dragons
  A red devil (D:9)
  2 hellwings (D:9)
  2 hornets (D:10)
  Prince Ribbit (D:6)
  4 blink frogs (D:9)
  A wraith (D:9)
  26 yaks
  4 wyverns
  A basilisk (Lair:2)
  A chaos spawn (D:8)
  6 water moccasins
  3 orc warriors
  2 hornet zombies (Ossuary)
  A sky beast (D:5)
  2 ogres
  An ice beast (D:7)
  2 centaurs (D:9)
  A phantom (D:7)
  2 kobold brigands
  5 bullfrogs
  A gnoll sergeant (D:5)
  3 wyvern zombies (Ossuary)
  3 scorpions
  2 water moccasin zombies (Ossuary)
  15 killer bees
  3 howler monkeys
  2 quasits
  8 bullfrog zombies (Ossuary)
  4 centaur zombies (Ossuary)
  11 jellies (Lair:1)
  2 hounds (D:5)
  A gnoll bouda (D:7)
  6 orc priests
  A sleepcap (D:5)
  Terence (D:2)
  3 iguanas
  14 orc wizards
  7 hell rats (Lair:2)
  8 killer bee zombies (Ossuary)
  9 mummies (Ossuary)
  A howler monkey zombie (Ossuary)
  17 gnolls
  4 adders
  An ufetubus (D:5)
  5 dart slugs
  28 orcs
  6 bats
  12 endoplasms
  3 giant cockroaches (D:2)
  6 hobgoblins
  4 quokkas
  5 ball pythons
  2 frilled lizards
  8 goblins
  14 kobolds
  2 rats
  A spectral kobold (D:10)
316 creatures vanquished.

Notes
Turn   | Place    | Note
-------+----------+-------------------------------------------
     0 | D:1      | Pooter the Minotaur Berserker began the quest for the Orb.
     0 | D:1      | Reached XP level 1. HP: 19/19 MP: 0/0
   243 | D:1      | Reached XP level 2. HP: 26/27 MP: 1/1
   255 | D:1      | Reached skill level 4 in Axes
   325 | D:1      | Reached skill level 1 in Stealth
   513 | D:2      | Reached XP level 3. HP: 24/33 MP: 2/2
   866 | D:2      | Noticed Terence
   870 | D:2      | Killed Terence
   871 | D:2      | Reached XP level 4. HP: 40/40 MP: 3/3
   872 | D:2      | Reached ** piety under Trog
  1638 | D:3      | Reached skill level 5 in Axes
  1690 | D:3      | Found Ongam's Jewellery Emporium.
  1776 | D:3      | Found a faded altar of an unknown god.
  1897 | D:3      | Found a broken altar of Ashenzari.
  1897 | D:3      | Found a glowing silver altar of Zin.
  1900 | D:3      | Found a basalt altar of Yredelemnul.
  1972 | D:3      | Reached skill level 1 in Ranged Weapons
  1972 | D:3      | Reached XP level 5. HP: 47/47 MP: 4/4
  2106 | D:3      | Found an opulent altar of Gozag.
  2126 | D:3      | Found Jubri's Assorted Antiques.
  2131 | D:3      | Bought a jade ring for 115 gold pieces
  2494 | D:4      | Reached XP level 6. HP: 55/55 MP: 5/5
  2599 | D:4      | Reached skill level 6 in Axes
  2722 | D:4      | Found Tulis's Weapon Emporium.
  2916 | D:4      | Reached skill level 5 in Fighting
  3399 | D:5      | Entered Level 5 of the Dungeon
  3422 | D:5      | Noticed a sky beast
  3432 | D:5      | Killed a sky beast
  3506 | D:5      | Reached XP level 7. HP: 61/61 MP: 6/6
  3582 | D:5      | Reached skill level 7 in Axes
  3630 | D:5      | Reached skill level 5 in Ranged Weapons
  4013 | D:5      | Found a shimmering altar of Xom.
  4014 | D:5      | Found a shimmering altar of Xom.
  4014 | D:5      | Found a shimmering altar of Xom.
  4024 | D:5      | Found a shimmering altar of Xom.
  4024 | D:5      | Found a shimmering altar of Xom.
  4026 | D:5      | Found a shimmering altar of Xom.
  4026 | D:5      | Found a shimmering altar of Xom.
  4285 | D:6      | Reached XP level 8. HP: 33/70 MP: 7/7
  4288 | D:6      | Reached skill level 8 in Axes
  4550 | D:6      | Noticed Prince Ribbit
  4562 | D:6      | Killed Prince Ribbit
  4621 | D:6      | You fall into a shaft and drop 1 floor!
  4677 | D:7      | Found a sand-covered staircase.
  4737 | Ossuary  | Entered an ossuary
  4764 | Ossuary  | Reached skill level 9 in Axes
  4842 | Ossuary  | Reached XP level 9. HP: 79/79 MP: 8/8
  4979 | Ossuary  | Reached skill level 10 in Axes
  5024 | Ossuary  | Reached *** piety under Trog
  5097 | D:7      | Identified a scroll of acquirement
  5098 | D:7      | Acquired the +6 shortbow "Zesoum" {heavy, rN+++ Int+4
                  | Stlth-}
  5121 | D:7      | Found a staircase to the Ecumenical Temple.
  5846 | D:8      | Reached skill level 11 in Axes
  5914 | D:8      | Found a glowing golden altar of the Shining One.
  6082 | D:8      | Noticed a komodo dragon
  6092 | D:8      | Killed a komodo dragon
  6453 | D:9      | Reached XP level 10. HP: 89/90 MP: 9/9
  6688 | D:9      | Reached skill level 10 in Ranged Weapons
  6901 | D:9      | Noticed an orange demon
  6902 | D:9      | Reached skill level 12 in Axes
  6973 | D:9      | Killed an orange demon
  7439 | D:9      | Found a staircase to the Orcish Mines.
  7900 | D:9      | Found a sparkling altar of Nemelex Xobeh.
  7990 | D:9      | Found a staircase to the Lair.
  8107 | D:10     | Entered Level 10 of the Dungeon
  8345 | D:10     | Noticed a two-headed ogre
  8352 | D:10     | Killed a two-headed ogre
  8353 | D:10     | Reached skill level 13 in Axes
  8362 | D:10     | Found the +6 shillelagh "Devastator" {shatter}
  8364 | D:10     | Noticed a gargoyle
  8364 | D:10     | Noticed a boulder beetle
  8364 | D:10     | Noticed a two-headed ogre
  8393 | D:10     | Killed a two-headed ogre
  8396 | D:10     | Killed a gargoyle
  8397 | D:10     | Reached XP level 11. HP: 81/99 MP: 10/10
  8487 | D:10     | Killed a boulder beetle
  8488 | D:10     | Reached skill level 10 in Fighting
  8856 | D:10     | Found a hazy altar of Hepliaklqana.
  9199 | Lair:1   | Entered Level 1 of the Lair of Beasts
  9199 | Lair:1   | Noticed a death yak
  9201 | Lair:1   | Noticed a death yak
  9202 | Lair:1   | Noticed a death yak
  9203 | Lair:1   | Noticed a death yak
  9204 | Lair:1   | Noticed a death yak
  9204 | Lair:1   | Noticed a death yak
  9264 | D:9      | Killed a death yak
  9267 | D:9      | Killed a death yak
  9328 | D:9      | Killed a death yak
  9328 | D:9      | Killed a death yak
  9329 | D:9      | Reached skill level 14 in Axes
  9368 | Lair:1   | Killed a death yak
  9399 | Lair:1   | Killed a death yak
  9592 | Lair:1   | Noticed an oklob plant
  9614 | Lair:1   | Killed an oklob plant
  9728 | Lair:1   | Reached skill level 15 in Axes
  9733 | Lair:1   | Reached **** piety under Trog
  9746 | Lair:1   | Reached XP level 12. HP: 99/110 MP: 11/11
 10353 | Lair:2   | Reached skill level 1 in Evocations
 10394 | Lair:2   | Found a staircase to the Swamp.
 10419 | Lair:2   | Noticed a seven-headed hydra
 10427 | Lair:2   | Killed a seven-headed hydra
 10802 | Lair:2   | Found a hole to the Spider Nest.
 11048 | Lair:3   | Noticed a six-headed hydra
 11090 | Lair:3   | Killed a six-headed hydra
 11277 | Lair:3   | Reached skill level 16 in Axes
 11317 | Lair:3   | HP: 2/168 [skyshark (24)]
 11317 | Lair:3   | Slain by a skyshark

Illustrated notes

Levels and vault maps discovered:
D:1:      dpeg_arrival_connections, layout_basic, st_stairs_12
D:2:      layout_loops_ring, serial_forest, infiniplex_forest_clump_diagonal,
          infiniplex_forest_pool, infiniplex_forest_straight_1,
          infiniplex_forest_clump_medium, infiniplex_forest_straight_4,
          infiniplex_forest_clump_large, infiniplex_forest_clump_curved,
          infiniplex_forest_fountain, minmay_misc_feat_ornament, uniq_terence
D:3:      layout_basic, lemuel_round_altar, minitemple,
          ebering_ecumenical_altar_ruins, serial_shops,
          nicolae_shop_rolling_square, nicolae_shop_tiny_glass
D:4:      layout_basic, serial_shops, kennysheep_little_box
D:5:      layout_rooms, xom_redecorated
D:6:      layout_basic, mainiacjoe_overflow_chevrons, gammafunk_ghost_icy,
          uniq_prince_ribbit1
D:7:      layout_basic, minmay_temple_entry_statues_fountains,
          chequers_ossuary_entry_cave
D:8:      layout_basic, tso_oasis_becter
D:9:      layout_cross, nemelex_diamond_rough_becter, lair_entry_dummy,
          orc_0_dummy, serial_demonic, serial_demonic_a, serial_demonic_e,
          serial_demonic_d, serial_demonic_e, corexii_leaking_fountain
D:10:     layout_loops_corners, nicolae_hepliaklqana_monster_ancestors,
          minmay_misc_feat_rugged, dilly_guarded_unrand_devastator
Lair:1:   lemuel_slime, layout_gridlike, lemuel_fruit_tree,
          infiniplex_staircase_pool_2
Lair:2:   layout_loops_ring, swamp_mist, nicolae_spider_entry_orb_guardian,
          infiniplex_staircase_pool
Lair:3:   layout_hall_layers, gammafunk_ghost_ooze, st_stairs_6,
          nicolae_lair_lakeside_cave, grunt_megastairs_1, serial_bayou_shore_b

Skill      XL: |  1  2  3  4  5  6  7  8  9 10 11 12 |
---------------+-------------------------------------+-----
Axes           | 4 5 6 7 9 11 13 15 16 | 16.0
Stealth        | 1 2 |  2.3
Fighting       | 4 5 6 7 8 9 11 | 11.9
Ranged Weapons | 1 2 3 5 7 9 11 13 14 | 14.0
Armour         | 4 |  4.5
Evocations     | 2 |  2.5
Throwing       | |  0.6
Dodging        | |  2.4

Action                     |  1- 3 |  4- 6 |  7- 9 | 10-12 || total
---------------------------+-------+-------+-------+-------++-------
  Melee: Hand axe          |    66 |     1 |       |       ||    67
         Headbutt          |    12 |     9 |    54 |    65 ||   140
         Mace              |       |    95 |   240 |       ||   335
         Punch             |       |     1 |       |     7 ||     8
         Whip              |       |       |     4 |       ||     4
         War axe           |       |       |    33 |   254 ||   287
         Shillelagh        |       |       |       |     4 ||     4
   Fire: Sling             |       |    17 |     8 |       ||    25
         Shortbow          |       |       |    34 |   143 ||   177
  Throw: Stone             |     2 |       |       |       ||     2
         Dart              |       |     5 |    14 |     1 ||    20
         Javelin           |       |       |     1 |       ||     1
 Invoke: Berserk           |     1 |     3 |     5 |    11 ||    20
         Trog's Hand       |       |     3 |     8 |    13 ||    24
  Evoke: Wand              |       |     3 |       |     5 ||     8
    Use: Scroll            |       |     6 |    19 |     2 ||    27
         Potion            |       |       |       |     1 ||     1
   Stab: Sleeping          |     2 |     1 |       |       ||     3
 Armour: Animal skin       |    17 |       |       |       ||    17
         Ring mail         |       |    15 |       |       ||    15
         Chain mail        |       |    30 |    28 |       ||    58
         Plate armour      |       |       |   184 |   205 ||   389
  Dodge: Dodged            |    40 |    54 |   117 |   148 ||   359
         Repelled          |       |       |       |     1 ||     1
  Block: Buckler           |       |       |    22 |       ||    22

Table legend: (Time is in decaauts)
 A = Elapsed time spent in this place.
 B = Non-inter-level travel time spent in this place.
 C = Inter-level travel time spent in this place.
 D = Time resting spent in this place.
 E = Time spent auto-exploring this place.
 F = Levels seen in this place.
 G = Mean time per level.
                   A        B        C        D        E       F      G
               +--------+--------+--------+--------+--------+-----+--------+
         Total |  11595 |  11273 |    322 |   2343 |   6476 |  14 |  828.2 |
       Dungeon |   9241 |   8969 |    272 |   2162 |   5017 |  10 |  924.1 |
          Lair |   1971 |   1922 |     49 |    167 |   1383 |   3 |  657.0 |
       Ossuary |    383 |    383 |      0 |     14 |     75 |   1 |  383.0 |
               +--------+--------+--------+--------+--------+-----+--------+

Top non-repeatable levels by time:
     D:9: 1755 daAuts
    D:10: 1075 daAuts
     D:4: 1058 daAuts
     D:2: 1043 daAuts
     D:8: 981 daAuts
  Lair:2: 977 daAuts
     D:5: 897 daAuts
     D:3: 803 daAuts
  Lair:1: 757 daAuts
     D:7: 703 daAuts
     D:1: 547 daAuts
 Ossuary: 383 daAuts
     D:6: 374 daAuts
  Lair:3: 236 daAuts
